 Dungeon Crawl Stone Soup version 0.27.1 (webtiles) character file.

Game seed: 17649970638539021654

10 r3algoood the Skirmisher (level 2, 0/27 HPs)
             Began as a Hill Orc Berserker on Aug 24, 2021.
             Was a Follower of Trog.
             Succumbed to an adder's poison
             ... on level 2 of the Dungeon.
             The game lasted 00:02:17 (723 turns).

r3algoood the Skirmisher (Hill Orc Berserker)        Turns: 723, Time: 00:02:18

Health: 0/27       AC:  2    Str: 19    XL:     2   Next: 20%
Magic:  2/2        EV: 12    Int:  7    God:    Trog [*.....]
Gold:   19         SH:  0    Dex: 10    Spells: 1/1 levels left

rFire    . . .     SeeInvis .   a - +0 mace
rCold    . . .     Faith    .   (no shield)
rNeg     . . .     Spirit   .   b - +0 animal skin
rPois    .         Reflect  .   (no helmet)
rElec    .         Harm     .   (no cloak)
rCorr    .         Rampage  .   (no gloves)
Will     .....                  (no boots)
Stlth    +.........             (no amulet)
HPRegen  0.09/turn              (no ring)
MPRegen  0.08/turn              (no ring)

@: lethally poisoned (0 -> -4)
A: no striking features
a: Renounce Religion, Berserk


You were on level 2 of the Dungeon.
You worshipped Trog.
Trog was aware of your devotion.
You visited 1 branch of the dungeon, and saw 2 of its levels.

You collected 19 gold pieces.

Inventory:

Hand Weapons
 a - a +0 mace (weapon)
Armour
 b - a +0 animal skin (worn)
Scrolls
 d - a scroll of blinking {unknown}
 e - a scroll of acquirement {unknown}
Potions
 c - a potion of degeneration {unknown}
 f - a potion of curing {unknown}


   Skills:
 + Level 4.0 Fighting
 + Level 3.6 Maces & Flails
 + Level 2.2 Armour
 + Level 1.6 Dodging


You had one spell level left.
You didn't know any spells.
Your spell library was empty.

Dungeon Overview and Level Annotations

Branches:
Dungeon (1/15)

Altars:


Message History

An adder comes into view.
The adder bites you.
You see here a scroll labelled POGETS INILIRA.
You barely miss the adder. The adder misses you.
The adder bites you but does no damage.
You hit the adder.
The adder is lightly wounded.
The adder misses you.
You miss the adder.
The adder is lightly wounded.
The adder bites you. x2
You are poisoned.
The adder poisons you!
You hit the adder.
The adder is lightly wounded.
You feel sick. The adder bites you. The adder barely misses you.
You hit the adder.
The adder is severely wounded.
You feel sick. The adder bites you.
You barely miss the adder.
The adder is severely wounded.
You feel sick. The adder bites you.
* * * LOW HITPOINT WARNING * * *
You are lethally poisoned!
The adder poisons you! The adder bites you.
* * * LOW HITPOINT WARNING * * *
There is a lethal amount of poison in your body!
You miss the adder.
The adder is severely wounded.
* * * LOW HITPOINT WARNING * * *
You feel sick. The adder completely misses you. The adder misses you.
Unknown command.
There is a lethal amount of poison in your body!
You miss the adder.
The adder is severely wounded.
* * * LOW HITPOINT WARNING * * *
You feel sick. The adder misses you.
You hit the adder but do no damage.
The adder is severely wounded.
You die...

#.#####.#####.###......
#.# #.# ##### #.# #.#
#.# #.# #.### #.# #...#
#.# ###.# #.# ### #.#
#.# ... #.# #@# ..
##.###S#.#.#
#####.....S....#
............#.#.#
######....###... ##.#.#
..# ######.#.# ..#
.........# ..
.#####.### .##


You could see 2 adders.

Vanquished Creatures
  A goblin (D:1)
  A hobgoblin (D:1)
  2 kobolds (D:1)
  3 quokkas (D:1)
  A frilled lizard (D:1)
  A rat (D:2)
9 creatures vanquished.

Vanquished Creatures (others)
  A fungus (D:2)
  A toadstool (D:2)
2 creatures vanquished.

Grand Total: 11 creatures vanquished

Notes
Turn   | Place    | Note
-------+----------+-------------------------------------------
     0 | D:1      | r3algoood the Hill Orc Berserker began the quest for the
                  | Orb.
     0 | D:1      | Reached XP level 1. HP: 19/19 MP: 1/1
   426 | D:1      | Reached XP level 2. HP: 14/27 MP: 2/2
   593 | D:1      | Reached skill level 4 in Fighting
   659 | D:1      | You fall into a shaft and drop 1 floor!
   722 | D:2      | HP: 1/27 [poisoned by an adder]
   723 | D:2      | Succumbed to an adder's poison

Illustrated notes

Levels and vault maps discovered:
D:1:      minmay_arrival_nine_rooms, layout_loops_cross
D:2:      layout_loops_ring, chequers_ecumenical_altar_grove,
          minmay_gold_behind_fungi

Skill      XL: |  1  2 |
---------------+-------+-----
Fighting       | 4 |  4.0
Maces & Flails | |  3.6
Armour         | |  2.2
Dodging        | |  1.6

Action                   || total
-------------------------++-------
Melee: Mace              ||    39
Armor: Animal skin       ||     4
Dodge: Dodged            ||    21
